 Dungeon Crawl Stone Soup version 0.31-a0-214-gb37851dbb3 (webtiles) character file.

Game seed: 12830134384632884116

429 qw the Shooter (level 6, -9/53 HPs)
             Began as a Minotaur Hexslinger on July 1, 2023.
             Mangled by a gnoll
             ... wielding a +0 halberd
             ... led by a gnoll bouda
              (13 damage)
             ... on level 4 of the Dungeon.
             The game lasted 00:01:10 (2944 turns).

qw the Shooter (Minotaur Hexslinger)                Turns: 2944, Time: 00:01:10

Health: -9/53      AC:  5    Str: 11 (13) XL:     6   Next: 66%
Magic:  6/6        EV: 10    Int:  8 (10) God:
Gold:   101        SH:  0    Dex: 14      Spells: 6/7 levels left

rFire   . . .        f - +0 orcbow
rCold   . . .        (shield currently unavailable)
rNeg    . . .        c - +0 ring mail
rPois   .            (helmet restricted)
rElec   .            (no cloak)
rCorr   +            (no gloves)
SInv    .            (no boots)
Will    .....        (no amulet)
Stlth   +            h - ring of resist corrosion
HPRegen 0.28/turn    (no ring)
MPRegen 0.10/turn

%: no passive effects
@: no status effects
A: horns 2, retaliatory headbutt
a: no special abilities


You were on level 4 of the Dungeon.
You visited 1 branch of the dungeon, and saw 4 of its levels.

You collected 101 gold pieces.


Innate Abilities, Weirdness & Mutations

You have a pair of horns on your head.
You reflexively headbutt those who attack you in melee.


   Skills:
 - Level 4.7 Fighting
 + Level 6.5 Ranged Weapons
 - Level 1.0 Armour
 - Level 2.1 Dodging
 - Level 1.0 Spellcasting
 - Level 2.0 Hexes


You had 6 spell levels left.
You knew the following spells:

 Your Spells              Type           Power      Damage    Failure   Level
a - Slow                  Hex            12%        N/A       38%         1

Your spell library contained the following spells:

 Spells                   Type           Power      Damage    Failure   Level
 Inner Flame              Hex/Fire       2%         N/A       88%         3
 Portal Projectile        Hex/Tloc       4%         N/A       88%         3
 Cause Fear               Hex            1%         N/A       99%         4

Inventory:

Hand Weapons
 f - a +0 orcbow (weapon)
Armour
 c - a +0 ring mail (worn)
 g - a +0 cloak
Jewellery
 h - a ring of resist corrosion (left hand)
Scrolls
 e - a scroll of identify
Potions
 a - a potion of haste
 d - a potion of enlightenment {unknown}
 i - 2 potions of curing {unknown}

Dungeon Overview and Level Annotations

Branches:
Dungeon (4/15)
 Temple: D:4-7

Altars:
Gozag

Shops:
D:2 [


Message History

The hobgoblin shouts!
The arrow hits the gnoll bouda but does no damage.
The gnoll bouda is severely wounded.
The gnoll is no longer moving quickly.
The gnoll bouda hits you but does no damage.
The gnoll hits you but does no damage.
The gnoll bouda barks out a call to the hunt!
The gnoll picks up the pace!
You shoot an arrow. The arrow hits the gnoll bouda.
The gnoll bouda is almost dead.
The gnoll barely misses you.
The gnoll bouda hits you but does no damage.
You shoot an arrow. The arrow hits the gnoll bouda.
You kill the gnoll bouda!
The gnoll barely misses you.
The gnoll hits you from afar with a +0 halberd!
You feel your dexterity returning.
You shoot an arrow. The arrow hits the gnoll.
The gnoll is moderately wounded.
The gnoll closely misses you.
The hobgoblin hits you from afar with a +0 spear.
2939 ||| DRINKING potion of heal wounds.
You feel much better. The gnoll closely misses you.
The hobgoblin barely misses you.
You shoot an arrow. The arrow barely misses the gnoll.
The gnoll closely misses you. The hobgoblin barely misses you.
You shoot an arrow. The arrow barely misses the gnoll.
The gnoll hits you from afar with a +0 halberd!
The hobgoblin hits you from afar with a +0 spear.
You shoot an arrow. The arrow closely misses the gnoll.
The gnoll hits you from afar with a +0 halberd!
The hobgoblin hits you from afar with a +0 spear.
The gnoll barely misses you. The hobgoblin barely misses you.
You shoot an arrow. The arrow barely misses the gnoll.
The gnoll closely misses you.
The hobgoblin hits you from afar with a +0 spear.
You shoot an arrow. The arrow barely misses the gnoll.
Your attacks no longer feel as feeble.
The gnoll hits you from afar with a +0 halberd!
You die...

......'......# #........######.#
......#####..## #........# #.#
......# #...# #........# #.#
#'##### ##..# #.....#### #.# #.
#..###.....# #.# #. #..........#
#.# #.###...#### #.#
########.#####..###########.#
............)@.............#.#
............................#.#
.<...........g.g.............#.#
.............................#.#
.............................#.#
.............................#.#
............)................#.#
...........).................#.#
.............................#.#


You could see a gnoll (swift) and a hobgoblin.

Vanquished Creatures
  2 ogres
  2 gnoll boudas
  An iguana (D:4)
  2 gnolls (D:4)
  8 adders
  3 worms
  A dart slug (D:2)
  2 orcs (D:3)
  7 ball pythons
  3 endoplasms (D:3)
  3 giant cockroaches
  8 goblins
  7 hobgoblins
  6 jackals
  4 quokkas
  7 bats
  5 frilled lizards
  7 kobolds
  5 rats
83 creatures vanquished.

Notes
Turn   | Place    | Note
-------+----------+-------------------------------------------
     0 | D:1      | qw the Minotaur Hexslinger began the quest for the Orb.
     0 | D:1      | Reached XP level 1. HP: 16/16 MP: 1/1
     0 | D:1      | 0 ||| qw: Version: 0.3-a-32-g5962c71
     0 | D:1      | 0 ||| qw: Game counter: 7655
     0 | D:1      | 0 ||| qw: Melee chars always use a shield: true
     0 | D:1      | 0 ||| qw: God list: Okawaru
     0 | D:1      | 0 ||| qw: Allow faded altars: false
     0 | D:1      | 0 ||| qw: Do Orc after clearing Dungeon:15 true
     0 | D:1      | 0 ||| qw: Do second Lair branch before Depths: true
     0 | D:1      | 0 ||| qw: Lair rune preference: random
     0 | D:1      | 0 ||| qw: Goals: Normal
     0 | D:1      | 0 ||| PLANNING D:1-11
   165 | D:1      | Reached skill level 3 in Ranged Weapons
   193 | D:1      | Reached XP level 2. HP: 23/23 MP: 2/2
   280 | D:1      | Found a faded altar of an unknown god.
   493 | D:1      | 493 ||| UPGRADING to +0 leather armour.
   503 | D:1      | 503 ||| DROPPING +0 robe.
   504 | D:1      | 504 ||| READING scroll labelled UBBUOR NAIVA.
   505 | D:1      | 505 ||| DRINKING 2 green potions.
   610 | D:1      | 610 ||| DROPPING scroll of poison.
   611 | D:1      | 611 ||| DROPPING potion of berserk rage.
   859 | D:2      | Reached XP level 3. HP: 29/29 MP: 3/3
   957 | D:2      | Found Cotef's Armour Shoppe.
   965 | D:2      | 965 ||| SHOPLISTING +0 cloak (63 gold, have 10).
   965 | D:2      | 965 ||| SHOPLISTING +0 ring mail (56 gold, have 10).
  1045 | D:2      | Reached skill level 4 in Ranged Weapons
  1106 | D:2      | 1106 ||| SWAPPING to +0 orcbow.
  1107 | D:2      | 1107 ||| DROPPING +1 sling.
  1197 | D:2      | 1197 ||| FLEEEEING.
  1278 | D:2      | Reached XP level 4. HP: 36/36 MP: 4/4
  1549 | D:2      | 1549 ||| DROPPING scarf of shadows.
  1550 | D:2      | 1550 ||| UPGRADING to +0 ring mail.
  1560 | D:2      | 1560 ||| DROPPING +0 leather armour.
  1561 | D:2      | 1561 ||| UPGRADING to ring of resist corrosion.
  1562 | D:2      | 1562 ||| READING 2 scrolls of identify.
  1562 | D:2      | 1562 ||| IDENTIFYING fuming inky potion
  1579 | D:3      | Reached skill level 1 in Armour
  1591 | D:3      | Noticed an ogre
  1594 | D:3      | Killed an ogre
  1595 | D:3      | Reached skill level 5 in Ranged Weapons
  1595 | D:3      | Reached XP level 5. HP: 30/41 MP: 5/5
  1694 | D:3      | Reached skill level 3 in Fighting
  1727 | D:3      | 1727 ||| FLEEEEING.
  1885 | D:3      | Reached skill level 6 in Ranged Weapons
  1907 | D:3      | Found an opulent altar of Gozag.
  1911 | D:3      | Found an opulent altar of Gozag.
  1972 | D:3      | Found an opulent altar of Gozag.
  1980 | D:3      | Found an opulent altar of Gozag.
  2303 | D:3      | 2303 ||| DRINKING 2 pink potions.
  2304 | D:3      | 2304 ||| READING 2 scrolls of identify.
  2304 | D:3      | 2304 ||| IDENTIFYING viscous white potion
  2305 | D:3      | 2305 ||| DROPPING potion of degeneration.
  2532 | D:4      | Reached XP level 6. HP: 52/52 MP: 6/6
  2892 | D:4      | 2892 ||| FLEEEEING.
  2893 | D:4      | 2893 ||| FLEEEEING.
  2894 | D:4      | 2894 ||| FLEEEEING.
  2895 | D:4      | 2895 ||| FLEEEEING.
  2896 | D:4      | 2896 ||| FLEEEEING.
  2938 | D:4      | HP: 12/53 [hobgoblin/+0 spear (3)]
  2939 | D:4      | 2939 ||| DRINKING potion of heal wounds.
  2943 | D:4      | HP: 4/53 [hobgoblin/+0 spear (4)]
  2944 | D:4      | Mangled by a gnoll

Levels and vault maps discovered:
D:1:      minmay_arrival_radiant_lines, layout_basic,
          hellmonk_ecumenical_altar_run_dry, minmay_misc_feat_plants
D:2:      layout_loops_corners, serial_shops, shop, serial_bayou_pond_b
D:3:      minmay_angry_zag, layout_basic, nicolae_gozag_conspicuous_consumption
D:4:      layout_basic, hangedman_decor_diamond_cutter, saegor_snake_ambush

Skill      XL: |  1  2  3  4  5  6 |
---------------+-------------------+-----
Ranged Weapons | 3 4 5 6 |  6.5
Fighting       | 2 3 4 |  4.7
Armour         | 1 |  1.0
Dodging        | |  2.1
Spellcasting   | |  1.0
Hexes          | |  2.0

Action                     |  1- 3 |  4- 6 || total
---------------------------+-------+-------++-------
   Fire: Sling             |    91 |       ||    91
         Orcbow            |    11 |   154 ||   165
    Use: Scroll            |     1 |     2 ||     3
         Potion            |     1 |     2 ||     3
 Armour: Leather armour    |     8 |       ||     8
         Ring mail         |       |    19 ||    19
  Dodge: Dodged            |    30 |    57 ||    87

Table legend:
 A = Non-vault XP
 B = Vault XP
 C = Vault XP percentage of total XP
 D = Non-vault monster count
 E = Vault monster count
 F = Vault count percentage of total count
                 A         B        C        D         E       F
            +---------+---------+-------+---------+---------+-------
      Total |     530 |      83 |  13.5 |      72 |      11 |  13.3
            +---------+---------+-------+---------+---------+-------
        D:1 |      24 |       0 |   0.0 |      13 |       0 |   0.0
        D:2 |      70 |      15 |  17.6 |      20 |       2 |   9.1
        D:3 |     194 |      53 |  21.5 |      25 |       7 |  21.9
        D:4 |     242 |      15 |   5.8 |      14 |       2 |  12.5
            +---------+---------+-------+---------+---------+-------
